 Dungeon Crawl Stone Soup version 0.23.1-41-g7e51ed3 (webtiles) character file.

Game seed: 14644382514931628606

660 Borgoz the Ducker (level 7, -5/41 HPs)
             Began as a Kobold Hunter on Mar 29, 2019.
             Was an Initiate of Ashenzari.
             Slain by a gnoll sergeant
             ... wielding a +0 spear
              (8 damage)
             ... on level 4 of the Dungeon.
             The game lasted 00:13:53 (4678 turns).

Borgoz the Ducker (Kobold Hunter)                   Turns: 4678, Time: 00:13:54

Health: -5/41      AC:  6    Str: 11    XL:     7   Next: 86%
Magic:  7/7        EV: 17    Int: 12    God:    Ashenzari [......]
Gold:   182        SH:  0    Dex: 16    Spells: 6/6 levels left

rFire    . . .     SeeInvis .   a - +2 dagger (holy)
rCold    . . .     Gourm    .   (shield restricted)
rNeg     + . .     Faith    .   c - +0 leather armour
rPois    .         Spirit   .   (no helmet)
rElec    .         Reflect  .   p - +2 cloak
rCorr    .         Harm     .   (no gloves)
MR       .....                  (no boots)
Stlth    ++........             (no amulet)
HPRegen  0.13/turn              h - ring of positive energy
MPRegen  0.10/turn              (no ring)

@: no status effects
A: small, carnivore
a: Curse Item, Renounce Religion


You were on level 4 of the Dungeon.
You worshipped Ashenzari.
Ashenzari was noncommittal.
You were very full.

You visited 2 branches of the dungeon, and saw 6 of its levels.

You collected 182 gold pieces.

Inventory:

Hand Weapons
 a - a +2 dagger of holy wrath (weapon)
 b - a +1 hand crossbow
 n - a +0 short sword
Armour
 c - a +0 leather armour (worn)
 p - a +2 cloak (worn)
 y - the +1 robe "Cul Cec" {rPois Str+10 Slay-6}
   (You found it on level 4 of the Dungeon)

   It affects your strength (+10).
   It affects your accuracy and damage with ranged weapons and melee attacks
   (-6).
   It protects you from poison.
Jewellery
 h - a ring of positive energy (left hand)
 x - an uncursed ring of ice
Wands
 i - a wand of enslavement (8)
 m - a wand of polymorph (11)
Scrolls
 e - a scroll of teleportation
 l - 2 scrolls of remove curse
Potions
 s - 3 potions of brilliance
Comestibles
 f - 7 rations


   Skills:
 + Level 3.5 Fighting
 * Level 4.8 Short Blades
 - Level 5.0 Crossbows
 * Level 3.2 Armour
 * Level 5.2 Dodging
 + Level 4.0 Stealth


You had 6 spell levels left.
You didn't know any spells.
Your spell library was empty.

Dungeon Overview and Level Annotations

Branches:
Dungeon (5/15)             Temple (1/1) D:5

Altars:
Ashenzari
Cheibriados
Dithmenos
Elyvilon
Hepliaklqana
Kikubaaqudgha
Makhleb
Nemelex Xobeh
Okawaru
Qazlal
Sif Muna
Trog
Uskayaw
Vehumet
Xom
Yredelemnul
Zin
The Shining One


Innate Abilities, Weirdness & Mutations

You are small and have problems with some larger weapons.
You are carnivorous and can eat meat at any time.


Message History

The gnoll sergeant is heavily wounded.
The gnoll sergeant blocks your attack.
The gnoll sergeant is heavily wounded.
The gnoll sergeant barely misses you.
You barely miss the gnoll sergeant.
The gnoll sergeant is heavily wounded.
The gnoll sergeant hits you with a +0 spear.
* * * LOW HITPOINT WARNING * * *
You hit the gnoll sergeant but do no damage.
The gnoll sergeant is heavily wounded.
The gnoll sergeant hits you with a +0 spear.
* * * LOW HITPOINT WARNING * * *
You hit the gnoll sergeant but do no damage.
The gnoll sergeant is heavily wounded.
You hit the gnoll sergeant but do no damage.
The gnoll sergeant is heavily wounded.
The gnoll sergeant hits you with a +0 spear.
* * * LOW HITPOINT WARNING * * *
The gnoll sergeant hits you from afar with a +0 spear!
You die...

#........#....#..##........#
###......#....#.............
#.......###............##..
##......#....###.......##..
#...........##.........#..
##..##......###g#..##..##.
#......_....# #...........
##..........###........##.
###..<..@.g.....##.##..#.
##..............####....
####...............## ##...
#......#............## #...
####.........).........# #...
#⌠⌠#...................###...
#__##.................###....
#..8#........................
#''##..........##......##....


You could see a gnoll sergeant.

Vanquished Creatures
  Sigmund (D:2)
  Crazy Yiuf (D:2)
  An orc priest (D:3)
  A gnoll shaman (D:5)
  An iguana (D:4)
  Jessica (D:2)
  2 worker ants (D:5)
  11 gnolls
  9 adders
  2 oozes
  An adder skeleton (D:5)
  5 worms
  A dart slug (D:1)
  5 leopard geckos
  8 orcs
  4 giant cockroaches
  12 goblins
  6 hobgoblins
  9 bats
  4 frilled lizards
  6 kobolds
  9 rats
  A fungus (D:2)
101 creatures vanquished.

Notes
Turn   | Place    | Note
-------+----------+-------------------------------------------
     0 | D:1      | Borgoz the Kobold Hunter began the quest for the Orb.
     0 | D:1      | Reached XP level 1. HP: 12/12 MP: 1/1
    60 | D:1      | Reached XP level 2. HP: 13/17 MP: 2/2
   113 | D:1      | Reached skill level 1 in Short Blades
   258 | D:1      | Reached XP level 3. HP: 22/22 MP: 3/3
   359 | D:1      | Reached skill level 5 in Crossbows
   617 | D:2      | Noticed Sigmund
   627 | D:2      | Killed Sigmund
   627 | D:2      | Reached XP level 4. HP: 26/27 MP: 4/4
   627 | D:2      | Reached XP level 5. HP: 30/32 MP: 5/5
   627 | D:2      | Reached XP level 6. HP: 34/36 MP: 6/6
   690 | D:2      | Found a faded altar of an unknown god.
  1091 | D:2      | Noticed Jessica
  1127 | D:2      | Killed Jessica
  1652 | D:2      | Found a runed translucent door.
  1653 | D:2      | Noticed Crazy Yiuf
  1662 | D:2      | Killed Crazy Yiuf
  2026 | D:3      | Found a sparkling altar of Nemelex Xobeh.
  2279 | D:3      | Reached XP level 7. HP: 36/41 MP: 7/7
  2707 | D:4      | Found a glowing silver altar of Zin.
  3121 | D:4      | Got a slimy robe
  3267 | D:4      | Found a hazy altar of Hepliaklqana.
  3313 | D:4      | Found a shadowy altar of Dithmenos.
  3313 | D:4      | Found a radiant altar of Vehumet.
  3345 | D:5      | Entered Level 5 of the Dungeon
  3346 | D:5      | Found a staircase to the Ecumenical Temple.
  3356 | Temple   | Entered the Ecumenical Temple
  3376 | Temple   | Became a worshipper of Ashenzari the Shackled
  3519 | Temple   | Reached skill level 5 in Dodging
  4124 | D:5      | Found a shimmering altar of Xom.
  4678 | D:4      | Slain by a gnoll sergeant

Skill      XL: |  1  2  3  4  5  6  7 |
---------------+----------------------+-----
Short Blades   | 1 3 4 |  4.8
Crossbows      | 5 |  5.0
Armour         | 2 3 |  3.2
Dodging        | 4 5 |  5.2
Stealth        | 2 3 4 |  4.0
Fighting       | 3 |  3.5

Action                   |  1- 3 |  4- 6 |  7- 9 || total
-------------------------+-------+-------+-------++-------
Melee: Dagger            |       |    22 |   185 ||   207
       Unarmed           |       |    13 |       ||    13
 Fire: Hand crossbow     |    56 |    88 |    75 ||   219
  Use: Scroll            |       |       |     7 ||     7
       Potion            |       |       |     6 ||     6
 Stab: Sleeping          |       |       |     1 ||     1
  Eat: Chunk             |     7 |     5 |     7 ||    19
Armor: Leather armour    |     3 |     4 |    22 ||    29
Dodge: Dodged            |    13 |    29 |   237 ||   279
